 Dungeon Crawl Stone Soup version 0.27-a0-1202-ge72e49191c (webtiles) character file.

Game seed: 14822497275116696478

181 freelancePsychic the Magician (level 3, -4/29 HPs)
             Began as a Djinni Ice Elementalist on June 4, 2021.
             Was a Believer of Ru.
             Slain by a bullfrog zombie (5 damage)
             ... on level 3 of the Dungeon.
             The game lasted 00:07:06 (3582 turns).

freelancePsychic the Magician (DjIE)                Turns: 3582, Time: 00:07:06

Health: -4/29      AC:  3    Str:  7    XL:     3   Next: 92%
Gold:   111        EV: 12    Int: 18    God:    Ru [**....] SH:  0 Dex: 13

rFire    + + .     SeeInvis .   d - staff of cold
rCold    . . .     Faith    .   (no shield)
rNeg     . . .     Spirit   .   a - +1 robe
rPois    ∞         Reflect  .   (helmet currently unavailable)
rElec    .         Harm     .   (no cloak)
rCorr    .         Rampage  .   (no gloves)
Will     .....                  (boots unavailable)
Stlth    ++........             (no amulet)
HPRegen  0.09/turn              (no ring)
MPRegen  0.00/turn              (no ring)

@: appendages, flying
A: horns 2, flying, sickness immunity, fire resistance 2, cold vulnerability 1,
inexperienced 1, float, innate caster, hp casting, extra vitality 1
a: End Transformation, Renounce Religion


You were on level 3 of the Dungeon.
You worshipped Ru.
Ru was pleased with you.
You had temporarily grown beastly horns.
You visited 1 branch of the dungeon, and saw 3 of its levels.

You collected 135 gold pieces.
You spent 24 gold pieces at shops.

Inventory:

Armour
 a - a +1 robe (worn)
 j - a +0 ring mail of fire resistance
 k - a +0 helmet (melded)
Magical Staves
 d - a staff of cold (weapon)
Wands
 o - a wand of digging (2)
Scrolls
 b - a scroll of enchant armour
 i - a scroll of magic mapping {unknown}
 l - a scroll of immolation {unknown}
 m - a scroll of vulnerability
Potions
 c - a potion of attraction {unknown}
 e - a potion of heal wounds {unknown}
 g - 2 potions of flight {unknown}
 h - 2 potions of magic {unknown}
 n - a potion of curing {unknown}


   Skills:
 + Level 2.7 Fighting
 - Level 2.1 Dodging
 - Level 1.5 Stealth
 * Level 4.7 Spellcasting


You couldn't memorise any spells.
You knew the following spells:

 Your Spells              Type           Power      Damage    Failure   Level
a - Freeze                Ice            100%       1d11      1%          1
b - Frozen Ramparts       Ice            62%        1d8       6%          3
c - Ozocubu's Armour      Ice            31%        N/A       6%          3
d - Hailstorm             Conj/Ice       31%        3d8       21%         4
e - Metabolic Englaciati  Hex/Ice        15%        N/A       50%         5
f - Beastly Appendage     Tmut           42%        N/A       1%          1
Your spell library was empty.

Dungeon Overview and Level Annotations

Branches:
Dungeon (3/15)

Altars:
Ru

Shops:
D:3 *


Innate Abilities, Weirdness & Mutations

You have temporarily grown beastly horns.
You are flying.
You are immune to sickness and miasma.
You are immune to poison.
Your flesh is very heat resistant. (rF++)
You are vulnerable to cold. (rC-)
You are somewhat inexperienced. (-2 XL)
You float through the air rather than walking.
You learn spells naturally, not from books.
Your magical power is your life essence.
You have superior vitality. (+4 HP)


Message History

The bullfrog zombie hits you but does no damage.
You hit the bullfrog zombie but do no damage.
The bullfrog zombie is heavily damaged.
The bullfrog zombie misses you.
The bullfrog zombie hits you but does no damage.
You hit the bullfrog zombie.
The bullfrog zombie is heavily damaged.
The bullfrog zombie hits you but does no damage. x2
You barely miss the bullfrog zombie.
The bullfrog zombie is heavily damaged.
The bullfrog zombie hits you but does no damage.
You barely miss the bullfrog zombie.
Your headbutt misses the bullfrog zombie.
The bullfrog zombie is heavily damaged.
The bullfrog zombie closely misses you. The bullfrog zombie hits you.
* * * LOW HITPOINT WARNING * * *
Your icy armour will break if you move.
Continue? [Y]es or [N]o only, please.
Your icy armour will break if you move.
Continue?
Okay, then.
Okay, then.
Okay, then.
As you read the scroll of teleportation {@r4}, it crumbles to dust.
You feel strangely unstable.
The bullfrog zombie is stunned by your conviction and fails to attack.
You barely miss the bullfrog zombie. You headbutt the bullfrog zombie.
The bullfrog zombie is severely damaged.
The bullfrog zombie closely misses you.
You hit the bullfrog zombie.
The bullfrog zombie is severely damaged.
The bullfrog zombie closely misses you.
The bullfrog zombie hits you but does no damage.
You hit the bullfrog zombie.
The bullfrog zombie is severely damaged.
Your surroundings flicker for a moment.
Your icy armour cracks and falls away as you move.
The bullfrog zombie hits you.
* * * LOW HITPOINT WARNING * * *
The bullfrog zombie hits you.
You die...

#...................
#.............!.....
#...................
#.........).........
#...................
#..>................
#...................
#...................
#..@Z...............
####################


You could see a bullfrog zombie.

Vanquished Creatures
  Ijyb (D:3)
  Jessica (D:3)
  Robin (D:2)
  4 adders
  A worm (D:2)
  2 dart slugs (D:1)
  An orc (D:3)
  3 endoplasms
  13 giant cockroaches
  12 goblins
  4 hobgoblins
  A quokka (D:2)
  7 ball pythons
  6 bats
  7 frilled lizards
  7 kobolds
  3 rats
74 creatures vanquished.

Notes
Turn   | Place    | Note
-------+----------+-------------------------------------------
     0 | D:1      | freelancePsychic the Djinni Ice Elementalist began the
                  | quest for the Orb.
     0 | D:1      | Reached XP level 1. HP: 15/15 MP: 0/0
   269 | D:1      | Reached XP level 2. HP: 20/22 MP: 0/0
   813 | D:1      | Reached skill level 1 in Fighting
  1301 | D:2      | Reached XP level 3. HP: 26/27 MP: 0/0
  1301 | D:2      | Learned a level 1 spell: Beastly Appendage
  1511 | D:2      | Found a sacrificial altar of Ru.
  1534 | D:2      | Noticed Robin
  1549 | D:2      | Became a worshipper of Ru the Awakened
  1875 | D:2      | Reached XP level 4. HP: 27/32 MP: 0/0
  2045 | D:2      | Reached skill level 4 in Spellcasting
  2417 | D:2      | Killed Robin
  2711 | D:2      | Found a faded altar of an unknown god.
  2788 | D:3      | Gained mutation: You are somewhat inexperienced. (-2 XL)
                  | [Ru sacrifice]
  2788 | D:3      | Reached XP level 3. HP: 28/28 MP: 0/0
  2788 | D:3      | Reached XP level 2. HP: 23/23 MP: 0/0
  2788 | D:3      | Reached * piety under Ru
  2788 | D:3      | Reached ** piety under Ru
  2799 | D:3      | Reached XP level 3. HP: 24/28 MP: 0/0
  3048 | D:3      | Found Cifrest's Assorted Antiques.
  3053 | D:3      | Bought a scroll labelled ZOK GUIMEF VOR for 24 gold pieces
  3058 | D:3      | Noticed Jessica
  3063 | D:3      | Killed Jessica
  3370 | D:3      | Noticed Ijyb
  3379 | D:3      | Killed Ijyb
  3582 | D:3      | HP: 1/29 [bullfrog zombie (6)]
  3582 | D:3      | Slain by a bullfrog zombie

Illustrated notes

Levels and vault maps discovered:
D:1:      dpeg_arrival_yet_another_circle, layout_basic
D:2:      minmay_roachtagon, layout_basic,
          hellmonk_ecumenical_altar_arch_garden, basic_altar, minmay_unequal,
          uniq_robin, uniq_crazy_yiuf_cottage
D:3:      layout_basic, nemelex_diamond_rough_becter, serial_shops, shop,
          uniq_jessica, uniq_ijyb

Skill      XL: |  1  2  3  4 |
---------------+-------------+-----
Fighting       | 1 2 |  2.7
Spellcasting   | 4 |  4.7
Dodging        | |  2.1
Stealth        | |  1.5

Action                   |  1- 3 |  4- 6 || total
-------------------------+-------+-------++-------
Melee: Unarmed           |     9 |       ||     9
       Staff             |    22 |     5 ||    27
       Headbutt          |     1 |       ||     1
 Cast: Freeze            |    64 |    16 ||    80
       Frozen Ramparts   |     5 |     3 ||     8
       Ozocubu's Armour  |     3 |       ||     3
       Beastly Appendage |     1 |       ||     1
Invok: Sacrifice Experie |     1 |       ||     1
  Use: Scroll            |     4 |       ||     4
Armor: Robe              |    26 |     3 ||    29
Dodge: Dodged            |    50 |     8 ||    58

Table legend: (Time is in decaauts)
 A = Elapsed time spent in this place.
 B = Non-inter-level travel time spent in this place.
 C = Inter-level travel time spent in this place.
 D = Time resting spent in this place.
 E = Time spent auto-exploring this place.
 F = Levels seen in this place.
 G = Mean time per level.
                   A        B        C        D        E       F      G
               +--------+--------+--------+--------+--------+-----+--------+
         Total |   3586 |   3483 |    103 |      0 |   3025 |   3 | 1195.3 |
       Dungeon |   3586 |   3483 |    103 |      0 |   3025 |   3 | 1195.3 |
               +--------+--------+--------+--------+--------+-----+--------+

Top non-repeatable levels by time:
     D:2: 1617 daAuts
     D:1: 1165 daAuts
     D:3: 803 daAuts
